 Dungeon Crawl Stone Soup version 0.31-a0-532-g28f74ba3e5 (webtiles) character file.

Game seed: 1781249591724132672

3334 Crownlay the Basher (level 10, 0/84 HPs)
             Began as a Meteoran Gladiator on Aug 12, 2023.
             Was a Believer of Uskayaw.
             Slain by an orc warrior
             ... wielding a +0 halberd
              (7 damage)
             ... on level 8 of the Dungeon.
             The game lasted 00:11:50 (4137 turns).

Crownlay the Basher (Meteoran Gladiator)            Turns: 4137, Time: 00:11:51

Health: 0/84       AC: 10    Str: 21    XL:     10   Next: 45%
Magic:  8/11       EV: 13    Int: 10    God:    Uskayaw [**....]
Gold:   273        SH:  0    Dex: 24    Spells: 9/9 levels left

rFire   . . .        a - +0 flail
rCold   . . .        (no shield)
rNeg    . . .        C - +0 acid dragon scales
rPois   .            t - +1 helmet
rElec   .            (no cloak)
rCorr   +            f - +1 pair of gloves {Dex+3}
SInv    .            (no boots)
Will    +....        e - amulet of faith
Stlth   +            i - ring of flight
HPRegen 0.34/turn    n - +6 ring of dexterity
MPRegen 0.12/turn

%: faith
@: flying, glowing
A: sense surroundings 2, otherworldly, glowing, explore regen
a: Renounce Religion, Stomp, Line Pass


You were on level 8 of the Dungeon.
You worshipped Uskayaw.
Uskayaw was noncommittal.
You visited 1 branch of the dungeon, and saw 8 of its levels.

You collected 357 gold pieces.
You spent 84 gold pieces at shops.

Inventory:

Hand Weapons
 a - a +0 flail (weapon)
Missiles
 b - 6 javelins
Armour
 f - a +1 pair of gloves of dexterity (worn)
 t - a +1 helmet (worn)
 C - +0 acid dragon scales (worn)
Jewellery
 e - an amulet of faith (around neck)
 i - a ring of flight (left hand)
 n - a +6 ring of dexterity (right hand)
 A - a ring of fire
Talismans
 l - a serpent talisman
Wands
 c - a wand of paralysis (9)
Scrolls
 g - a scroll of revelation
 h - 2 scrolls of blinking
 j - 4 scrolls of teleportation
 k - a scroll of fog
 q - 2 scrolls of poison
 r - 3 scrolls of enchant weapon
 s - a scroll of amnesia
 w - a scroll of immolation
 y - a scroll of vulnerability
Potions
 d - a potion of degeneration {unknown}
 m - 2 potions of heal wounds
 o - 2 potions of lignification {unknown}
 p - 3 potions of brilliance {unknown}
 u - a potion of resistance {unknown}
 v - 3 potions of might
 x - 2 potions of curing
 z - a potion of berserk rage {unknown}
 B - a potion of ambrosia {unknown}
 D - 2 potions of enlightenment


   Skills:
 + Level 6.5 Fighting
 + Level 10.4 Maces & Flails
 - Level 2.4 Throwing
 + Level 2.2 Armour
 - Level 3.2 Dodging
 + Level 10.0 Shapeshifting


You had 9 spell levels left.
You didn't know any spells.
Your spell library contained the following spells:

 Spells                   Type           Power      Damage    Failure   Level
 Summon Small Mammal      Summ           0%         N/A       43%         1
 Call Canine Familiar     Summ           0%         N/A       82%         3
 Summon Guardian Golem    Hex/Summ       0%         N/A       82%         3
 Leda's Liquefaction      Hex/Erth       0%         N/A       99%         4
 Lee's Rapid Deconstruct  Erth           0%         3d4*      100%        5
 Leda's Unmaking          Conj/Erth      0%         9d1       100%        6


Dungeon Overview and Level Annotations

Branches:
Dungeon (8/15) Zot: 676    Temple (0/1) D:6            Lair (0/5) D:8

Altars:
Fedhas
Hepliaklqana
Makhleb
Uskayaw
Xom
Yredelemnul
The Shining One

Shops:
D:4 !

Annotations:
D:2 1 runed translucent door, Crazy Yiuf


Innate Abilities, Weirdness & Mutations

You passively map the area around you.
You are easily found by Zot.
You glow in the dark.
You regain HP and MP as you explore.


Message History

An orc and an orc priest come into view.
The orc priest is wielding a +2 trident of distortion.
The orc shouts!
The orc priest shouts!
You hear a shout! x4
The orc warrior hits you with a +0 halberd!
A kobold comes into view. It is wielding a +0 whip.
Things that are here:
a +0 flail; an orc corpse You barely miss the orc warrior.
The kobold shouts!
A kobold comes into view. It is wielding a +4 dagger.
The orc warrior hits you with a +0 halberd!
A kobold comes into view. It is wielding a +0 dagger.
You closely miss the orc warrior. You sock the orc warrior!
The orc warrior is moderately wounded.
The orc priest barely misses you.
A kobold brigand comes into view.
It is wielding a +0 short sword and quivering curare-tipped darts.
You can now pass through a line of other dancers.
You sock the orc warrior!
The orc warrior is almost dead.
A kobold comes into view. It is wielding a +0 whip.
The orc priest hits you from afar with a +2 trident of distortion!
Space warps horribly around you!!
The orc warrior hits you with a +0 halberd!
* * * LOW HITPOINT WARNING * * *
A kobold comes into view. It is wielding a +0 dagger.
You are too injured to fight recklessly!
You are too injured to fight recklessly!
You are too injured to fight recklessly!
You are too injured to fight recklessly!
You are too injured to fight recklessly!
You are too injured to fight recklessly!
You hit the orc warrior but do no damage.
The orc warrior is almost dead.
The orc priest hits you from afar with a +2 trident of distortion.
* * * LOW HITPOINT WARNING * * *
Space warps around you.
* * * LOW HITPOINT WARNING * * *
The orc warrior hits you with a +0 halberd!
You die...

###.....
###.......
###
####...###...
#..
###....###
##.#
#.####....###
#..
#.......###
#..
##.....###
##. #....###
#. ##.)@# #.
#...o.# ##
#####.oo #
##K.. # ##KK#
* # * .. * *
K , * ,, ,, ,
,,*, *


You could see an orc warrior, a kobold brigand, an orc priest, an orc and 3
kobolds.

Vanquished Creatures
  A two-headed ogre (D:5)
  An unseen horror (D:8)
  A troll (D:8)
  Grinder (D:3)
  Sigmund (D:3)
  An acid dragon (D:7)
  An orc warrior (D:7)
  2 ice beasts
  A centaur (D:7)
  3 kobold brigands
  3 bullfrogs
  4 killer bees (D:7)
  A howler monkey (D:5)
  4 hounds
  A jelly (D:6)
  An iguana (D:5)
  5 orc priests
  2 sleepcaps
  6 orc wizards
  4 adders
  10 gnolls
  3 shadow imps
  A white imp (D:6)
  4 ufetubi
  A dart slug (D:4)
  28 orcs
  5 ball pythons
  8 endoplasms
  3 giant cockroaches
  6 goblins
  3 hobgoblins
  4 jackals (D:1)
  15 kobolds
  4 quokkas
  4 bats
  4 frilled lizards
  5 rats
  A spectral orc (D:3)
153 creatures vanquished.

Notes
Turn   | Place    | Note
-------+----------+-------------------------------------------
     0 | D:1      | Crownlay the Meteoran Gladiator began the quest for the
                  | Orb.
     0 | D:1      | Reached XP level 1. HP: 17/17 MP: 2/2
   107 | D:1      | Reached XP level 2. HP: 23/25 MP: 3/3
   160 | D:1      | Reached XP level 3. HP: 27/30 MP: 4/4
   217 | D:1      | Reached skill level 5 in Maces & Flails
   238 | D:1      | Found a faded altar of an unknown god.
   359 | D:2      | Reached XP level 4. HP: 37/37 MP: 5/5
   987 | D:2      | Found a runed translucent door.
   988 | D:2      | Noticed Crazy Yiuf
  1088 | D:2      | Glimpsed the power of Zot.
  1203 | D:3      | Found a hazy altar of Hepliaklqana.
  1271 | D:3      | Noticed Grinder
  1285 | D:3      | Killed Grinder
  1286 | D:3      | Reached XP level 5. HP: 38/46 MP: 6/6
  1286 | D:3      | Reached XP level 6. HP: 43/52 MP: 7/7
  1304 | D:3      | Noticed Sigmund
  1321 | D:3      | Killed Sigmund
  1322 | D:3      | Reached XP level 7. HP: 53/60 MP: 8/8
  1505 | D:3      | Found a burning altar of Makhleb.
  1684 | D:3      | Glimpsed the power of Zot.
  1734 | D:3      | Glimpsed the power of Zot.
  2053 | D:4      | Found a shimmering altar of Xom.
  2076 | D:4      | Reached XP level 8. HP: 56/67 MP: 9/9
  2210 | D:4      | Found Henih's Distillery.
  2213 | D:4      | Bought a potion of might for 48 gold pieces
  2213 | D:4      | Bought a potion of curing for 36 gold pieces
  2230 | D:4      | Found a hide-covered altar of Uskayaw.
  2270 | D:4      | Became a worshipper of Uskayaw the Reveller
  2285 | D:4      | Glimpsed the power of Zot.
  2335 | D:4      | Glimpsed the power of Zot.
  2344 | D:5      | Entered Level 5 of the Dungeon
  2345 | D:5      | Reached * piety under Uskayaw
  2360 | D:5      | Reached ** piety under Uskayaw
  2410 | D:5      | Reached skill level 5 in Fighting
  2415 | D:5      | Reached *** piety under Uskayaw
  2425 | D:5      | Reached **** piety under Uskayaw
  2433 | D:5      | Noticed a two-headed ogre
  2441 | D:5      | Reached ***** piety under Uskayaw
  2442 | D:5      | Killed a two-headed ogre
  2443 | D:5      | Reached skill level 10 in Maces & Flails
  2443 | D:5      | Reached skill level 5 in Shapeshifting
  2443 | D:5      | Gained mutation: You passively map the area around you.
                  | [Meteoran growth]
  2443 | D:5      | Reached XP level 9. HP: 65/75 MP: 10/10
  2463 | D:5      | Found a blossoming altar of Fedhas.
  2796 | D:6      | Found a staircase to the Ecumenical Temple.
  2857 | D:6      | Found a basalt altar of Yredelemnul.
  2909 | D:6      | Found a glowing golden altar of the Shining One.
  3286 | D:7      | HP: 3/75 [acid dragon/splash of acid (19)]
  3358 | D:7      | Reached XP level 10. HP: 23/83 MP: 11/11
  3791 | D:8      | Killed an unseen horror
  3792 | D:8      | Reached skill level 1 in Armour
  3996 | D:8      | Reached skill level 10 in Shapeshifting
  4008 | D:8      | Found a staircase to the Lair.
  4137 | D:8      | Slain by an orc warrior

Illustrated notes

Levels and vault maps discovered:
D:1:      matt_arrival_refuge, layout_loops_ring,
          shapermc_ecumenical_altar_acropolis, minivault_26,
          minmay_misc_feat_four_crosses
D:2:      layout_loops_cross, serial_aquarium, aquarium_bridge_straight
          [aquarium_subvault_bridge, aquarium_subvault_wall,
          aquarium_subvault_bridge, aquarium_subvault_wall],
          aquarium_bridge_straight [aquarium_subvault_bridge,
          aquarium_subvault_window, aquarium_subvault_bridge,
          aquarium_subvault_wall], aquarium_window_corridor_2,
          aquarium_window_1, aquarium_view_2f, uniq_crazy_yiuf_cottage
D:3:      layout_basic, mainiacjoe_overflow_alcove_4,
          nicolae_hepliaklqana_monster_ancestors, uniq_grinder, uniq_sigmund
D:4:      layout_basic, amcnicky_altar_gilded, nicolae_overflow_crystal_walls,
          mainiacjoe_overflow_swirl, general_overflow_altar, serial_shops,
          nicolae_shop_tiny_real_fake_doors
D:5:      layout_basic, mainiacjoe_overflow_boulevard
D:6:      layout_rooms, mainiacjoe_overflow_surrounded_room, tso_oasis_becter,
          minmay_temple_entry_trees, grunt_ministairs_8, grunt_tough_drop
D:7:      layout_cave_pods, gammafunk_ghost_necromancy
D:8:      layout_cave_pods, lair_entry_dummy

Skill      XL: |  1  2  3  4  5  6  7  8  9 10 |
---------------+-------------------------------+-----
Maces & Flails | 5 7 8 10 | 10.4
Fighting       | 3 4 6 |  6.5
Shapeshifting  | 2 3 5 8 10 | 10.0
Armour         | 2 |  2.2
Throwing       | |  2.4
Dodging        | |  3.2

Action                     |  1- 3 |  4- 6 |  7- 9 | 10-12 || total
---------------------------+-------+-------+-------+-------++-------
  Melee: Flail             |    68 |    51 |   324 |    96 ||   539
         Punch             |       |       |     6 |       ||     6
  Throw: Throwing net      |       |     5 |       |       ||     5
         Javelin           |       |       |     1 |       ||     1
 Invoke: Stomp             |       |       |     1 |       ||     1
  Evoke: Wand              |       |       |     2 |     1 ||     3
    Use: Scroll            |       |       |     8 |     3 ||    11
         Potion            |       |       |     3 |     1 ||     4
   Stab: Held in net/web   |       |     4 |       |       ||     4
         Paralysed         |       |       |     9 |     6 ||    15
 Armour: Leather armour    |    27 |    11 |   126 |       ||   164
         Acid dragon scale |       |       |    14 |    54 ||    68
  Dodge: Dodged            |    44 |    26 |   312 |   104 ||   486

Table legend: (Time is in decaauts)
 A = Elapsed time spent in this place.
 B = Non-inter-level travel time spent in this place.
 C = Inter-level travel time spent in this place.
 D = Time resting spent in this place.
 E = Time spent auto-exploring this place.
 F = Levels seen in this place.
 G = Mean time per level.
                   A        B        C        D        E       F      G
               +--------+--------+--------+--------+--------+-----+--------+
         Total |   4122 |   3949 |    173 |      0 |   2017 |   8 |  515.2 |
       Dungeon |   4122 |   3949 |    173 |      0 |   2017 |   8 |  515.2 |
               +--------+--------+--------+--------+--------+-----+--------+

Top non-repeatable levels by time:
     D:2: 793 daAuts
     D:3: 634 daAuts
     D:4: 589 daAuts
     D:7: 482 daAuts
     D:6: 455 daAuts
     D:5: 446 daAuts
     D:8: 380 daAuts
     D:1: 341 daAuts
